Map: Acropolis LE

Players

Namshar - Winner!

  • Race: Zerg Zerg
  • Spawn Location: 11:00

DisK

  • Race: Protoss Protoss
  • Spawn Location: 5:00

VOD

Have the link to the VOD?

Description

Time

  • Played on: Sept. 6, 2019, 5:09 p.m.
  • Length: 22:24
Show
View Real Time Build Order
Export as new Build Order

Namshar Zerg - Winner!

Build Orders: Hatch First, Brood Lord Corruptor 

Get SALT Encoding   

  12  0:00  Drone  
  13  0:12  Overlord  
  13  0:16  Drone  
  14  0:30  Drone x2  
  16  0:47  Hatchery  
  15  0:51  Drone  
  15  0:54  Drone  
  17  0:57  Drone  
  18  1:08  Extractor  
  17  1:12  Spawning Pool  
  17  1:15  Drone  
  18  1:18  Drone  
  18  1:28  Drone  
  19  1:38  Drone  
  20  1:49  Overlord  
  20  1:58  Queen  
  20  1:59  Queen  
  20  2:00  Zergling x4  
  26  2:10  Drone  
  26  2:13  Drone  
  28  2:21  Drone  
  28  2:22  Drone  
  30  2:31  Drone  
  30  2:33  Drone  
  30  2:34  Pneumatized Carapace  
  30  2:35  Hatchery  
  31  2:42  Queen  
  33  2:46  Overlord  
  33  2:49  Drone  
  34  2:52  Drone  
  34  2:58  Drone  
  36  3:07  Drone x4  
  36  3:12  Overlord  
  40  3:15  Drone x2  
  42  3:23  Overlord  
  42  3:24  Overlord  
  42  3:32  Spore Crawler  
  42  3:33  Spore Crawler, Drone  
  42  3:34  Queen  
  41  3:38  Drone  
  41  3:39  Drone x2  
  46  3:44  Drone, Metabolic Boost  
  47  3:48  Spore Crawler  
  47  3:53  Drone  
  47  3:54  Drone x4  
  51  3:59  Drone x3  
  54  4:07  Zergling x2  
  54  4:09  Drone x3  
  58  4:12  Spore Crawler  
  56  4:18  Drone x4  
  56  4:21  Overlord  
  56  4:22  Drone x3  
  63  4:26  Extractor  
  63  4:27  Extractor  
  63  4:28  Drone x2, Zergling x2  
  63  4:29  Drone  
  66  4:38  Drone x2  
  67  4:40  Lair  
  67  4:43  Roach Warren  
  66  4:47  Drone  
  66  4:48  Evolution Chamber  
  66  4:50  Drone x7  
  70  4:52  Drone  
  70  4:53  Drone  
  70  4:59  Zergling x8  
  75  5:03  Overlord  
  75  5:06  Extractor  
  74  5:11  Zergling x4  
  76  5:14  Zerg Melee Weapons Level 1  
  76  5:20  Baneling Nest  
  75  5:21  Extractor  
  75  5:23  Extractor, Hatchery  
  75  5:25  Queen x2  
  74  5:30  Zergling x6  
  74  5:31  Drone x3  
  80  5:37  Drone  
  80  5:38  Drone x6  
  80  5:41  Overlord  
  87  5:48  Infestation Pit  
  85  5:50  Drone  
  85  5:51  Drone x3  
  89  6:00  Drone  
  89  6:01  Drone x8  
  94  6:14  Drone  
  94  6:16  Spire  
  94  6:19  Overseer  
  94  6:22  Roach  
  94  6:23  Overlord x3  
  94  6:24  Hive, Glial Reconstitution, Extractor  
  95  6:27  Extractor  
  95  6:28  Overlord  
  95  6:29  Overlord  
  95  6:30  Roach  
  95  6:31  Centrifical Hooks  
  96  6:36  Queen  
  98  6:40  Roach  
  98  6:41  Roach x3  
  98  6:42  Overlord  
  98  6:45  Drone  
  107  6:48  Drone  
  107  6:49  Drone x5  
  113  6:58  Roach x3  
  121  7:01  Ravager x3  
  121  7:02  Overlord, Ravager x3  
  125  7:13  Hatchery  
  124  7:19  Baneling  
  124  7:20  Baneling x6  
  124  7:21  Zerg Melee Weapons Level 2  
  124  7:25  Drone x2  
  124  7:26  Drone, Spine Crawler  
  124  7:27  Spine Crawler  
  124  7:29  Spine Crawler  
  124  7:35  Adrenal Glands, Greater Spire  
  124  7:39  Overlord x2  
  124  7:42  Zergling x2  
  124  7:43  Zergling x22  
  136  7:53  Zergling x4  
  136  7:54  Zergling x4  
  136  7:56  Overlord x2  
  136  7:58  Corruptor x3  
  141  8:00  Corruptor  
  141  8:03  Corruptor  
  141  8:05  Corruptor  
  151  8:07  Ravager x3  
  151  8:11  Overlord x2  
  151  8:12  Corruptor  
  154  8:16  Corruptor  
  154  8:19  Baneling x5  
  158  8:21  Baneling  
  158  8:24  Corruptor  
  158  8:26  Zergling x16  
  167  8:47  Brood Lord x3  
  173  8:53  Brood Lord  
  175  8:57  Zerg Flyer Weapons Level 1  
  171  9:04  Brood Lord  
  171  9:06  Overlord x2  
  171  9:07  Queen  
  171  9:09  Queen  
  177  9:12  Corruptor  
  177  9:13  Corruptor  
  181  9:30  Brood Lord  
  181  9:31  Brood Lord  
  184  9:46  Hatchery  
  182  9:55  Hatchery  
  174  10:02  Brood Lord x4  
  174  10:06  Drone  
  181  10:15  Pathogen Glands, Burrow  
  181  10:20  Overseer x2  
  180  10:28  Overseer  
  178  10:30  Corruptor x2  
  178  10:32  Zergling x20  
  178  10:33  Zergling x16  
  196  10:51  Zergling x10  
  196  10:55  Zerg Flyer Weapons Level 2  
  196  10:56  Zerg Melee Weapons Level 3  
  200  10:59  Evolution Chamber  
  200  11:00  Baneling x8  
  199  11:11  Neural Parasite, Baneling x9  
  196  11:25  Zergling x6  
  196  11:26  Zergling x4  
  200  11:43  Zerg Ground Armor Level 1  
  200  11:44  Overseer x2  
  200  11:52  Extractor  
  200  11:54  Spore Crawler x2  
  197  11:56  Spore Crawler x2, Extractor  
  187  12:15  Zergling x36  
  187  12:25  Infestor x6  
  192  12:42  Zergling x2  
  192  12:43  Infestor  
  192  12:44  Corruptor x2  
  194  12:50  Hatchery  
  197  13:03  Spine Crawler  
  197  13:04  Spine Crawler  
  197  13:05  Spine Crawler x2  
  193  13:07  Spine Crawler  
  193  13:12  Zergling x30  
  195  13:13  Zergling x10  
  195  13:15  Zerg Flyer Weapons Level 3  
  196  13:21  Drone x3  
  196  13:26  Spore Crawler  
  198  13:30  Baneling x4  
  197  13:39  Drone x2  
  199  13:42  Spore Crawler x3  
  199  13:43  Drone x3  
  199  13:44  Zerg Ground Armor Level 2  
  196  14:02  Spore Crawler  
  195  14:12  Spine Crawler  
  194  14:25  Baneling x3  
  194  14:26  Overlord x5  
  194  14:27  Overseer x2  
  194  14:28  Overseer x2  
  188  14:48  Zergling x2  
  188  14:49  Zergling x24  
  179  15:02  Zergling x16  
  179  15:03  Corruptor x4  
  179  15:04  Infestor  
  191  15:08  Corruptor x2  
  191  15:11  Zerg Missile Weapons Level 1  
  195  15:16  Drone x3  
  195  15:18  Spine Crawler  
  195  15:19  Overseer, Spine Crawler  
  191  15:44  Drone x4  
  191  15:45  Drone x3  
  191  15:47  Spore Crawler x4  
  191  15:48  Spore Crawler  
  186  15:51  Spore Crawler, Zergling x28  
  186  15:52  Baneling x12  
  193  16:05  Corruptor  
  193  16:06  Brood Lord, Corruptor  
  183  16:29  Zergling x20  
  183  16:33  Zergling x22  
  192  16:43  Zerg Flyer Armor Level 1  
  192  16:44  Zerg Ground Armor Level 3  
  192  16:45  Infestor x4  
  200  16:58  Extractor  
  200  16:59  Extractor  
  194  17:13  Baneling  
  194  17:14  Baneling x8  
  194  17:19  Zerg Missile Weapons Level 2  
  194  17:33  Drone x3  
  191  17:58  Zergling x18  
  197  18:20  Corruptor  
  154  18:35  Corruptor  
  154  18:36  Corruptor x14  
  154  18:39  Infestor x10  
  186  18:50  Corruptor x8  
  190  19:26  Overlord  
  190  19:27  Overlord x4, Overseer  
  190  19:28  Overseer x2  
  190  19:29  Overseer  
  190  19:30  Baneling x7  
  190  19:39  Infestor x10  
  190  19:43  Zerg Flyer Armor Level 2, Zerg Missile Weapons Level 3  
  188  19:47  Hatchery  
  188  19:48  Brood Lord  
  188  19:49  Brood Lord  
  147  20:11  Brood Lord x8  
  147  20:13  Zergling x22  
  170  20:17  Corruptor x4  
  179  20:29  Zergling x20  
  175  20:37  Zergling x2  
  175  20:38  Zergling x14  
  175  20:42  Zergling x10  
  159  20:43  Zergling x6  
  159  20:48  Queen x2  
  159  20:49  Corruptor  
  152  21:03  Brood Lord  
  152  21:04  Brood Lord  
  153  21:07  Infestor x3  
  153  21:08  Infestor x7  
  153  21:09  Brood Lord  
  152  21:30  Extractor  
  152  21:32  Extractor  
  147  21:35  Brood Lord x3  
  153  21:47  Zergling x2  
  153  21:48  Zergling x12  
  153  21:50  Corruptor x3  
Show
View Real Time Build Order
Export as new Build Order

DisK Protoss 

Build Orders: 1 Gate Expand, Oracle Opening, Colossus Rush 

Get SALT Encoding   

  12  0:00  Probe  
  13  0:12  Probe  
  14  0:20  Pylon  
  14  0:24  Probe  
  15  0:35  Probe  
  15  0:40  Gateway  
  16  0:43  Probe  
  16  0:48  Assimilator  
  17  0:52  Probe  
  18  1:04  Probe  
  19  1:17  Probe  
  20  1:23  Nexus  
  20  1:34  Cybernetics Core  
  20  1:36  Probe  
  21  1:42  Assimilator  
  21  1:48  Probe  
  21  1:53  Pylon  
  22  2:00  Probe  
  22  2:01  Stalker  
  23  2:14  Probe  
  26  2:20  Stargate  
  26  2:25  Probe  
  26  2:31  Warp Gate  
  26  2:32  Probe  
  26  2:33  Probe  
  27  2:39  Adept  
  27  2:40  Probe  
  27  2:42  Probe  
  30  2:50  Probe  
  32  2:53  Probe  
  32  2:58  Oracle  
  34  3:00  Gateway  
  34  3:02  Probe  
  35  3:12  Probe  
  39  3:14  Probe  
  39  3:18  Pylon  
  40  3:24  Probe  
  41  3:27  Assimilator  
  41  3:28  Assimilator  
  41  3:29  Probe  
  42  3:35  Oracle  
  42  3:36  Probe  
  42  3:40  Probe  
  47  3:47  Pylon  
  47  3:49  Probe, Robotics Facility  
  47  3:51  Probe  
  49  3:57  Probe  
  50  4:05  Forge  
  50  4:08  Probe  
  52  4:17  Probe  
  52  4:22  Probe  
  52  4:23  Pylon  
  53  4:27  Zealot, Adept  
  57  4:34  Probe  
  58  4:39  Protoss Ground Weapons Level 1, Robotics Bay  
  58  4:44  Probe  
  58  4:45  Nexus  
  59  4:50  Probe  
  60  4:54  Robotics Bay  
  60  4:56  Pylon  
  60  4:57  Stalker  
  62  5:04  Probe  
  62  5:05  Probe  
  64  5:14  Gateway  
  64  5:15  Gateway  
  64  5:16  Probe  
  64  5:17  Probe  
  64  5:20  Pylon  
  66  5:28  Zealot  
  66  5:29  Colossus, Zealot  
  66  5:31  Shield Battery  
  66  5:34  Probe x2  
  72  5:41  Twilight Council  
  72  5:46  Extended Thermal Lance  
  78  5:52  Adept  
  78  5:53  Adept  
  81  6:00  Blink  
  79  6:11  Probe  
  79  6:12  Sentry  
  79  6:13  Sentry x2  
  79  6:14  Zealot  
  79  6:15  Probe x2  
  90  6:21  Colossus  
  90  6:24  Probe, Assimilator  
  91  6:26  Pylon, Assimilator  
  91  6:27  Probe  
  91  6:28  Probe  
  99  6:36  Probe  
  101  6:40  Probe  
  101  6:43  Pylon  
  101  6:44  Probe  
  101  6:45  Stalker  
  101  6:46  Pylon x2  
  101  6:54  Stalker x2  
  101  6:55  Stalker  
  107  7:10  Gateway  
  107  7:11  Gateway  
  107  7:12  Warp Prism  
  107  7:18  Gateway  
  107  7:20  Gateway, Probe x2  
  107  7:21  Pylon, Probe  
  110  7:29  Stalker x2  
  116  7:32  Pylon  
  116  7:33  Sentry x2  
  120  7:41  Probe x2  
  120  7:42  Probe  
  120  7:45  Pylon  
  120  7:54  Stalker x2  
  120  7:57  Observer  
  124  7:58  Robotics Facility  
  125  8:05  Charge  
  125  8:08  Protoss Ground Weapons Level 2  
  125  8:09  Stalker x2  
  125  8:10  Stalker x2  
  133  8:29  Robotics Facility  
  133  8:30  Templar Archives  
  133  8:40  Probe x2  
  135  8:50  Colossus  
  135  8:52  Disruptor  
  144  8:58  Gravitic Boosters  
  144  8:59  Gateway  
  144  9:00  Gateway  
  144  9:02  Gateway  
  144  9:04  Pylon  
  144  9:05  Pylon  
  144  9:09  Nexus  
  144  9:11  Pylon  
  144  9:12  Stalker  
  144  9:13  Stalker x4  
  154  9:23  Photon Cannon  
  150  9:25  Photon Cannon  
  150  9:28  Stargate  
  150  9:31  Fleet Beacon  
  150  9:38  Protoss Air Weapons Level 1  
  145  9:55  Observer, Warp Prism  
  145  9:59  Oracle  
  146  10:00  Nexus  
  142  10:14  Stargate  
  145  10:15  Pylon  
  145  10:17  Pylon  
  145  10:19  Psionic Storm  
  143  10:34  Tempest x2  
  143  10:37  Zealot x3  
  155  10:58  Probe x2  
  155  10:59  Probe  
  155  11:01  Zealot x5  
  168  11:05  Protoss Ground Weapons Level 3  
  168  11:10  High Templar x3  
  168  11:11  High Templar  
  176  11:17  Archon x2  
  168  11:27  Tempest x2  
  168  11:29  Probe x4  
  172  11:36  Tempest  
  187  11:41  Probe x4  
  187  11:46  Zealot x2  
  195  11:53  Probe  
  196  11:59  Zealot x2  
  190  12:09  Zealot x5  
  190  12:10  Zealot x2  
  190  12:14  Zealot  
  190  12:15  Probe, Zealot  
  182  12:21  Probe  
  181  12:23  Probe  
  181  12:25  Probe x2  
  181  12:29  Probe  
  185  12:36  Probe  
  186  12:40  Probe x2  
  186  12:42  High Templar x3  
  186  12:43  High Templar  
  197  12:53  Archon x2  
  197  12:54  Probe x2  
  197  12:55  Probe  
  197  12:56  Assimilator  
  197  12:57  Assimilator  
  190  13:46  Probe x3  
  190  13:48  Probe  
  194  13:53  High Templar  
  194  13:54  High Templar x4  
  190  14:01  Carrier  
  196  14:25  Zealot x2  
  196  14:30  Nexus  
  187  14:47  Pylon  
  187  14:55  Probe x2  
  187  14:56  Probe  
  190  15:03  Protoss Shields Level 1, Pylon x2  
  190  15:05  Pylon  
  188  15:07  Assimilator  
  188  15:16  Cybernetics Core  
  188  15:18  Dark Shrine  
  188  15:21  Probe  
  189  15:35  Nexus  
  189  15:37  Zealot x3  
  187  15:52  Carrier  
  193  16:03  Probe  
  193  16:04  Probe x2  
  196  16:12  Assimilator  
  196  16:13  Assimilator  
  196  16:18  Probe  
  189  16:24  Pylon  
  189  16:37  Nexus  
  189  16:40  Pylon  
  189  16:41  Pylon  
  189  16:42  Probe x3  
  189  16:43  Zealot x2  
  196  16:52  Carrier  
  196  16:57  Carrier  
  200  17:21  Gravitic Drive  
  200  17:26  Protoss Air Weapons Level 2  
  200  17:28  Colossus x3  
  200  17:37  Pylon  
  200  17:41  Probe x3  
  193  17:52  Protoss Shields Level 2  
  191  18:10  Photon Cannon  
  191  18:13  Photon Cannon  
  115  18:52  Zealot x2  
  115  18:53  High Templar x5, Zealot x2  
  115  18:54  High Templar x2  
  133  18:59  Archon  
  133  19:00  Archon x2  
  133  19:09  Stalker x2  
  134  19:22  Zealot  
  132  19:25  High Templar x3  
  132  19:26  High Templar x5  
  132  19:30  Probe, Archon x3  
  148  19:31  Archon  
  148  19:34  Probe x3  
  148  19:38  Probe  
  152  19:39  Observer  
  91  20:13  Stalker x7  
  85  20:43  Observer  
  85  20:49  Stalker  
  83  20:50  Stalker x3  
  85  21:00  Zealot  
  85  21:01  Zealot  
  89  21:06  Zealot  
  91  21:22  High Templar x4  
  97  21:26  Archon x2  
  95  21:59  Zealot x5  
Tags
 
Add a new tag
Caveats
  • Supply blocks, unpowered buildings, or Contaminate may cause inaccurate times.
  • Supply counts are checked every 10 seconds.